 Dungeon Crawl Stone Soup version 0.29-a0-330-g52719c12eb (webtiles) character file.

Game seed: 9604833279252342779

1113 YayAnonymity the Destroyer (level 8, -3/57 HPs)
             Began as a Green Draconian Conjurer on Apr 13, 2022.
             Was a Follower of Vehumet.
             Slain by an ice beast (12 damage)
             ... on level 5 of the Dungeon.
             The game lasted 00:16:59 (7883 turns).

YayAnonymity the Destroyer (DrCj)                   Turns: 7883, Time: 00:17:00

Health: -3/57      AC:  8    Str: 10    XL:     8   Next: 11%
Magic:  0/15       EV: 12    Int: 20    God:    Vehumet [*.....]
Gold:   457        SH:  0    Dex: 10    Spells: 9/17 levels left

rFire   . . .      SeeInvis .   m - +7 staff of the Meek {protect, meekguard}
rCold   . . .      Faith    .   (shield currently unavailable)
rNeg    . . .      Spirit   .   (body armour unavailable)
rPois   +          Reflect  .   (helmet restricted)
rElec   .          Harm     .   o - +1 cloak
rCorr   .          Rampage  .   (no gloves)
Will    +....                   (no boots)
Stlth   ++........              (no amulet)
HPRegen 0.19/turn               h - ring of willpower
MPRegen 0.14/turn               z - ring of wizardry

@: no status effects
A: breathe noxious fumes, AC +6, unfitting armour, poison resistance,
cold-blooded
a: Breathe Noxious Fumes, Renounce Religion


You were on level 5 of the Dungeon.
You worshipped Vehumet.
Vehumet was aware of your devotion.
You visited 2 branches of the dungeon, and saw 6 of its levels.
You also visited: Sewer and Ossuary.

You collected 457 gold pieces.

Inventory:

Hand Weapons
 c - a +0 dagger of venom
 i - a +3 dagger
 m - the +7 staff of the Meek (weapon) {protect, meekguard}
   (You found it on level 5 of the Dungeon)

   It grants its wielder temporary protection when it strikes (+7 to AC).
   It provides extra protection to wielders with little health.
Armour
 o - a +1 cloak (worn)
 A - a scarf of resistance
Jewellery
 h - a ring of willpower (left hand)
 z - a ring of wizardry (right hand)
Wands
 s - a wand of polymorph (7)
Scrolls
 b - a scroll of enchant armour
 e - a scroll of silence
 g - a scroll of identify
 l - 3 scrolls of teleportation
 n - a scroll of fear
 r - a scroll of summoning
 w - a scroll of magic mapping {unknown}
 y - a scroll of enchant weapon {unknown}
 B - 2 scrolls of immolation {unknown}
 C - 3 scrolls of noise {unknown}
Potions
 a - 2 potions of magic
 d - 2 potions of haste
 f - a potion of attraction
 j - 2 potions of brilliance
 k - a potion of might
 p - a potion of mutation {unknown}
 q - a potion of lignification
 u - 2 potions of curing
 v - a potion of invisibility {unknown}
 x - a potion of flight {unknown}
Miscellaneous
 t - a lightning rod (4/4)


   Skills:
 + Level 2.1 Staves
 - Level 1.7 Dodging
 - Level 1.7 Stealth
 - Level 5.0 Spellcasting
 * Level 8.8 Conjurations


You had 9 spell levels left.
You knew the following spells:

 Your Spells              Type           Power      Damage    Failure   Level
a - Magic Dart            Conj           100%       1d8       1%          1
b - Searing Ray           Conj           80%        2d7       1%          2
c - Fulminant Prism       Conj/Hex       11%        3d9       8%          4
d - Shock                 Conj/Air       88%        1d8       1%          1

Your spell library contained the following spells:

 Spells                   Type           Power      Damage    Failure   Level
 Dazzling Flash           Conj/Hex       44%        N/A       2%          3
 Apportation              Tloc           10%        N/A       4%          1
 Slow                     Hex            20%        N/A       4%          1
 Mephitic Cloud           Conj/Pois/Air  16%        N/A       4%          3
 Call Imp                 Summ           5%         N/A       7%          2
 Iskenderun's Mystic Bla  Conj/Tloc      22%        2d6       8%          4
 Confusing Touch          Hex            5%         N/A       14%         3
 Inner Flame              Hex/Fire       5%         N/A       14%         3
 Vampiric Draining        Necr           5%         2d6       14%         3
 Cause Fear               Hex            2%         N/A       41%         4
 Alistair's Intoxication  Tmut/Pois      3%         N/A       75%         5
 Discord                  Hex            2%         N/A       100%        8


Dungeon Overview and Level Annotations

Branches:
Dungeon (5/15)             Temple (1/1) D:4           Sewer (visited)
Ossuary (visited)

Altars:
Ashenzari
Cheibriados
Dithmenos
Elyvilon
Fedhas
Gozag
Hepliaklqana
Kikubaaqudgha
Makhleb
Nemelex Xobeh
Qazlal
Ru
Sif Muna
Trog
Uskayaw
Vehumet
Wu Jian
Xom
Yredelemnul
Zin
The Shining One
Lugonu

Annotations:
D:4 3 runed translucent doors, Laraso's ghost, novice DrTm


Innate Abilities, Weirdness & Mutations

You can breathe blasts of noxious fumes.
Your lurid green scales are hard. (AC +6)
You cannot fit into any form of body armour.
Your system is resistant to poisons. (rPois)
You are cold-blooded and may be slowed by cold attacks.


Message History

Aim: an ice beast (82% to hit)
The searing ray hits the ice beast!
The ice beast is moderately wounded. (Press . to maintain the ray.)
The ice beast hits you. The ice beast freezes you!
You feel yourself slow down.
Really fire in the non-hostile quokka's direction?
The searing ray misses the ice beast.
The searing ray hits the quokka.
The quokka is severely wounded.
The ice beast hits you. The ice beast freezes you.
The ice beast closely misses you.
The searing ray hits the ice beast.
The ice beast is moderately wounded.
You feel yourself speed up. The quokka closely misses you.
The ice beast closely misses you. The quokka barely misses you.
The quokka attacks as you move away!
The quokka bites you but does no damage.
You see here a scorpion corpse.
You closely miss the ice beast.
The ice beast is moderately wounded.
The ice beast hits you but does no damage.
Casting: Searing Ray (safe; 1% risk of failure)
Confirm with . or Enter, or press ? or * to list all spells.
Aiming: Searing Ray (safe; 1% risk of failure)
Press: ? - help, Shift-Dir - straight line, f/p - ice beast
Aim: an ice beast (moderately wounded, 82% to hit)
The searing ray misses the ice beast. (Press . to maintain the ray.)
The ice beast hits you. The ice beast freezes you!
* * * LOW HITPOINT WARNING * * *
The searing ray misses the ice beast.
The searing ray hits the quokka!
You kill the quokka!
Vehumet accepts your kill.
The ice beast hits you but does no damage.
The searing ray hits the ice beast!
The ice beast is heavily wounded.
The ice beast hits you.
* * * LOW HITPOINT WARNING * * *
The ice beast freezes you!
You die...

##.#.#.......##..##..#.........
#.#.#...#...##..##..#####..#.# #.
......#...##..##.. #..... #.
#.#...#...##..##.# ####.#.. .
..#.#.#.#...##..##.# #.......
..#..#.###.#..s##..##.# ##.#####.
..#............###....###...###..
..#.##.###...#)###..#.#≈≈...≈≈#..
....##.##.......@Y†...#≈..♣..≈#..
....'........#.###...............
....##.##.##.#.# #......♣._.♣....
....##.##.##...# #...#.........##
....'.....###..# #...##≈..♣..≈###
....####..# #..# #...##≈≈...≈≈# #
....# #..# #..# #....###...#####
....####..####.###.#...###.....##
####..........>........#.........


You could see an ice beast.

Vanquished Creatures
  Edmund (D:4)
  A black bear (D:5)
  A phantom (D:5)
  A kobold brigand (D:5)
  2 bullfrogs (Sewer)
  A scorpion (D:5)
  A necrophage (D:4)
  3 orc priests
  Ijyb (D:3)
  4 orc wizards
  2 mummies (Ossuary)
  A gnoll (D:2)
  9 adders
  A river rat (D:3)
  A shadow imp (D:5)
  2 worms
  A dart slug (D:2)
  22 orcs
  4 bats
  13 endoplasms
  9 giant cockroaches
  5 goblins
  6 hobgoblins
  7 jackals
  9 quokkas
  15 ball pythons
  14 frilled lizards
  3 gnoll zombies (Ossuary)
  5 goblin zombies (Ossuary)
  4 hobgoblin zombies (Ossuary)
  11 kobolds
  2 orc zombies (Ossuary)
  9 rats
171 creatures vanquished.

Vanquished Creatures (others)
  A fulminant prism (D:5)
  6 fungi (D:4)
7 creatures vanquished.

Grand Total: 178 creatures vanquished

Notes
Turn   | Place    | Note
-------+----------+-------------------------------------------
     0 | D:1      | YayAnonymity the Draconian Conjurer began the quest for the
                  | Orb.
     0 | D:1      | Reached XP level 1. HP: 14/14 MP: 3/3
   330 | D:1      | Reached XP level 2. HP: 20/20 MP: 1/5
   335 | D:1      | Learned a level 2 spell: Searing Ray
  1913 | D:2      | Reached XP level 3. HP: 26/26 MP: 4/6
  2331 | D:2      | Reached skill level 5 in Conjurations
  2706 | D:3      | Found a basalt altar of Yredelemnul.
  2708 | D:3      | Found a sparkling altar of Nemelex Xobeh.
  2709 | D:3      | Found a shimmering blue altar of Sif Muna.
  2715 | D:3      | Reached XP level 4. HP: 33/33 MP: 5/8
  2718 | D:3      | Found a shadowy altar of Dithmenos.
  2719 | D:3      | Found a shimmering altar of Xom.
  2721 | D:3      | Found a snail-covered altar of Cheibriados.
  2722 | D:3      | Found a hide-covered altar of Uskayaw.
  2728 | D:3      | Found a blossoming altar of Fedhas.
  2729 | D:3      | Found a burning altar of Makhleb.
  2730 | D:3      | Found a stormy altar of Qazlal.
  2922 | D:3      | Noticed Ijyb
  2935 | D:3      | Killed Ijyb
  2951 | D:3      | Found a glowing drain.
  3163 | Sewer    | Entered a sewer
  3359 | Sewer    | Reached XP level 5. HP: 38/38 MP: 6/9
  3918 | Sewer    | Reached skill level 6 in Conjurations
  3980 | Sewer    | Reached XP level 6. HP: 43/45 MP: 4/11
  4305 | D:3      | Found a faded altar of an unknown god.
  4305 | D:3      | Found a hazy altar of Hepliaklqana.
  4307 | D:3      | Found a faded altar of an unknown god.
  5027 | D:4      | Reached skill level 7 in Conjurations
  5156 | D:4      | Noticed Edmund
  5287 | D:4      | Found a runed translucent gate.
  5287 | D:4      | Found a runed translucent gate.
  5289 | D:4      | Found a runed translucent gate.
  5289 | D:4      | Noticed Laraso's ghost (novice DrTm)
  5389 | D:4      | Found a staircase to the Ecumenical Temple.
  5394 | Temple   | Entered the Ecumenical Temple
  5405 | Temple   | Became a worshipper of Vehumet
  5570 | D:3      | Your scales start taking on a lurid green colour.
  5570 | D:3      | Reached XP level 7. HP: 37/50 MP: 6/13
  5570 | D:3      | Gained mutation: Your system is resistant to poisons.
                  | (rPois) [Green Draconian growth]
  6254 | D:4      | Learned a level 4 spell: Fulminant Prism
  6275 | D:4      | Killed Edmund
  6541 | D:5      | Entered Level 5 of the Dungeon
  6548 | D:5      | Found a sand-covered staircase.
  6629 | Ossuary  | Entered an ossuary
  6973 | Ossuary  | Reached * piety under Vehumet
  6973 | Ossuary  | Offered knowledge of Shock by Vehumet.
  6974 | Ossuary  | Reached skill level 8 in Conjurations
  6976 | Ossuary  | Learned a level 1 spell: Shock
  7082 | D:5      | Found a white marble altar of Elyvilon.
  7199 | D:5      | Found the +7 staff of the Meek {protect, meekguard}
  7482 | D:5      | Reached skill level 1 in Staves
  7482 | D:5      | Reached skill level 5 in Spellcasting
  7783 | D:5      | Reached XP level 8. HP: 57/57 MP: 9/15
  7883 | D:5      | Slain by an ice beast

Illustrated notes

Levels and vault maps discovered:
D:1:      saegor_arrival_simple_d, layout_basic
D:2:      layout_loops_ring, grunt_ministairs_5, minmay_box_of_dots
D:3:      layout_loops_cross, nicolae_hepliaklqana_ecumenical_no_more,
          nicolae_overflow_hallway_of_the_gods, portal_sewer_entry_e, uniq_ijyb
D:4:      cheibrodos_pilgrimage, layout_basic, minmay_temple_entry_nine_rooms,
          gammafunk_ghost_split, dreamdust_mushroom_princess, uniq_edmund
D:5:      layout_basic, elyvilon_altar_4, serial_glass, glass_columns_a,
          glass_columns_a, glass_columns_a, glass_columns_c, glass_columns_a,
          glass_columns_b, nicolae_ossuary_entry_monument
Temple:   corrupted_temple

Skill      XL: |  1  2  3  4  5  6  7  8 |
---------------+-------------------------+-----
Conjurations   | 5 6 7 8 |  8.8
Spellcasting   | 3 4 5 |  5.0
Staves         | 1 2 |  2.1
Dodging        | |  1.7
Stealth        | |  1.7

Action                   |  1- 3 |  4- 6 |  7- 9 || total
-------------------------+-------+-------+-------++-------
Melee: Club              |     3 |       |       ||     3
       Hand axe          |     3 |    17 |       ||    20
       Tailslap          |       |     3 |     1 ||     4
       Dagger            |       |     6 |    11 ||    17
       Unarmed           |       |     1 |       ||     1
       Quarterstaff      |       |       |     5 ||     5
 Cast: Magic Dart        |    61 |   127 |    82 ||   270
       Searing Ray       |     4 |    14 |    16 ||    34
       Shock             |       |       |     3 ||     3
       Fulminant Prism   |       |       |     1 ||     1
  Use: Scroll            |       |       |    13 ||    13
 Stab: Sleeping          |     1 |       |       ||     1
Armor: Skin              |     3 |    13 |    11 ||    27
Dodge: Dodged            |     9 |    40 |    16 ||    65

Table legend: (Time is in decaauts)
 A = Elapsed time spent in this place.
 B = Non-inter-level travel time spent in this place.
 C = Inter-level travel time spent in this place.
 D = Time resting spent in this place.
 E = Time spent auto-exploring this place.
 F = Levels seen in this place.
 G = Mean time per level.
                   A        B        C        D        E       F      G
               +--------+--------+--------+--------+--------+-----+--------+
         Total |   8020 |   7836 |    184 |    947 |   5481 |   8 | 1002.5 |
       Dungeon |   6568 |   6395 |    173 |    641 |   4645 |   5 | 1313.6 |
        Temple |     39 |     28 |     11 |      0 |     17 |   1 |   39.0 |
         Sewer |    970 |    970 |      0 |    235 |    528 |   1 |  970.0 |
       Ossuary |    440 |    440 |      0 |     71 |    291 |   1 |  440.0 |
               +--------+--------+--------+--------+--------+-----+--------+

Top non-repeatable levels by time:
     D:4: 1724 daAuts
     D:1: 1506 daAuts
     D:3: 1342 daAuts
     D:2: 1082 daAuts
   Sewer: 970 daAuts
     D:5: 912 daAuts
 Ossuary: 440 daAuts
  Temple: 39 daAuts
